 Dungeon Crawl Stone Soup version 0.20.1-1-g8b1a95d (webtiles) character file.

3237 vineage the Cleaver (level 9, -3/85 HPs)
             Began as a Minotaur Fighter on July 22, 2017.
             Was a Believer of Okawaru.
             Slain by a killer bee (8 damage)
             ... on level 1 of the Lair of Beasts.
             The game lasted 00:23:58 (7720 turns).

vineage the Cleaver (Minotaur Fighter)              Turns: 7720, Time: 00:23:59

Health: -3/85      AC: 11    Str: 22    XL:     9   Next: 66%
Magic:  8/8        EV: 12    Int:  5    God:    Okawaru [**....]
Gold:   493        SH: 11    Dex: 12    Spells: 8/8 levels left

rFire    . . .     SeeInvis .   a - +1 war axe
rCold    . . .     Gourm    .   c - +0 shield
rNeg     . . .     Faith    .   b - +1 scale mail
rPois    +         Spirit   .   (helmet restricted)
rElec    .         Reflect  .   (no cloak)
rCorr    .         Harm     .   (no gloves)
MR       .....                  (no boots)
Stlth    ..........             (no amulet)
Regen    0.3/turn               y - ring of flight
MPRegen  0.2/turn               x - +2 ring of evasion

@: lethally poisoned (-3 -> -10), flying
A: retaliatory headbutt, horns 2, slimy green scales 1, poison resistance,
robust 1
a: Heroism, Renounce Religion


You were on level 1 of the Lair of Beasts.
You worshipped Okawaru.
Okawaru was pleased with you.
You were full.

You visited 3 branches of the dungeon, and saw 10 of its levels.

You collected 493 gold pieces.

Inventory:

Hand Weapons
 a - a +1 war axe (weapon)
Armour
 b - a +1 scale mail (worn)
 c - a +0 shield (worn)
 u - a +0 plate armour
Jewellery
 j - a cursed ring of teleportation
 q - an uncursed ring of positive energy
 r - an uncursed ring of positive energy
 w - an uncursed ring of poison resistance
 x - a +2 ring of evasion (right hand)
 y - a ring of flight (left hand)
 F - a cursed -2 ring of intelligence
 I - a +5 ring of protection {unknown}
Wands
 d - a wand of disintegration (10/24)
 e - a wand of polymorph (8/24)
 v - a wand of lightning (9/15)
 B - a wand of flame (17/48)
 H - a wand of flame (31/48)
Scrolls
 l - 3 scrolls of enchant armour
 z - a scroll of recharging
 A - 2 scrolls of blinking
 G - a scroll of fog
 J - a scroll of amnesia
Potions
 s - a potion of brilliance
 t - a potion of haste
 D - a potion of curing
 E - a potion of magic
Books
 m - a book of Misfortune

   Spells                             Type                      Level
   a - Confusing Touch                Hexes                        1
   b - Confuse                        Hexes                        3
   c - Gell's Gravitas                Translocation                3
   d - Petrify                        Transmutation/Earth          4
   e - Metabolic Englaciation         Hexes/Ice                    5
   f - Yara's Violent Unravelling     Hexes/Transmutation          5
 C - a book of Geomancy

   Spells                             Type                      Level
   a - Sandblast                      Earth                        1
   b - Passwall                       Transmutation/Earth          2
   c - Stone Arrow                    Conjuration/Earth            3
   d - Petrify                        Transmutation/Earth          4
   e - Lee's Rapid Deconstruction     Earth                        5
Comestibles
 f - 2 bread rations
 g - 3 meat rations
 k - 3 royal jellies
 p - 3 fruits


   Skills:
 + Level 6.9 Fighting
 + Level 10.5 Axes
 + Level 8.2 Armour
 + Level 2.7 Dodging
 + Level 1.0 Stealth
 + Level 8.4 Shields


You had 8 spell levels left.
You didn't know any spells.

Dungeon Overview and Level Annotations

Branches:
Dungeon (8/15)             Temple (1/1) D:5            Lair (1/6) D:8

Altars:
Ashenzari
Cheibriados
Dithmenos
Elyvilon
Fedhas
Gozag
Hepliaklqana
Kikubaaqudgha
Makhleb
Nemelex Xobeh
Okawaru
Qazlal
Ru
Sif Muna
Trog
Uskayaw
Vehumet
Xom
Yredelemnul
Zin
The Shining One


Innate Abilities, Weirdness & Mutations

You reflexively headbutt those who attack you in melee.
You have a pair of horns on your head.
You are partially covered in slimy green scales. (AC +2)
Your system is resistant to poisons. (rPois)
You are robust. (+10% HP)


Message History

The killer bee stings you.
* * * LOW HITPOINT WARNING * * *
The queen bee calls on the killer bee to defend it!
The killer bee goes berserk!
A killer bee comes into view.
The killer bee buzzes angrily.
You hit the killer bee. Your headbutt misses the killer bee.
The killer bee is almost dead.
You barely miss the killer bee. You hit the queen bee.
You slash the killer bee!
You feel sick. You block the killer bee's attack. x3
The killer bee stings you but does no damage.
The killer bee stings you!
* * * LOW HITPOINT WARNING * * *
The killer bee barely misses you.
The killer bee stings you but does no damage.
The queen bee calls on the killer bee to defend it!
The killer bee goes berserk!
The queen bee calls on the killer bee to defend it!
The killer bee goes berserk!
The killer bee stings you!
You die...

.## ..# ## #y. ..
####.+#### . #........#
######### #........#
####........
#....yy..###.##........
#....y@†.##P..'........
#....y...'†..##........
#........########.#.#+#
#........# ####..#
####+##### ###.##
#...## P###+##..
......... .........


You could see a queen bee and 4 killer bees.

Vanquished Creatures
  A spiny frog (Lair:1)
  Sigmund (D:5)
  A hungry ghost (D:7)
  Menkaure (D:6)
  2 porcupines (Lair:1)
  A water moccasin (Lair:1)
  A sky beast (D:6)
  5 ice beasts
  A necrophage (D:6)
  A phantom (D:6)
  3 ogres
  A big kobold (D:7)
  A scorpion (D:7)
  2 killer bees (Lair:1)
  A crimson imp (D:7)
  2 bullfrog zombies (D:5)
  4 jellies
  An orc priest (D:5)
  5 orc wizards
  A centaur skeleton (D:5)
  3 hounds
  Terence (D:2)
  2 iguanas
  6 worker ants
  3 hound skeletons
  Robin (D:2)
  5 adders
  A shadow imp (D:7)
  9 oozes
  An adder zombie (D:8)
  2 worms (D:3)
  5 dart slugs
  6 leopard geckos
  26 orcs
  A ball python (D:5)
  6 bats
  5 giant cockroaches
  13 goblins
  6 hobgoblins
  14 jackals
  18 kobolds
  A quokka (D:5)
  3 frilled lizards
  A jackal skeleton (D:5)
  A leopard gecko skeleton (D:4)
  A quokka zombie (D:7)
  6 rats (D:1)
  3 fungi (D:2)
186 creatures vanquished.

Vanquished Creatures (others)
  A quokka zombie (D:7)
  7 fungi (D:2)
  7 toadstools (D:2)
15 creatures vanquished.

Grand Total: 201 creatures vanquished

Notes
Turn   | Place    | Note
-------+----------+-------------------------------------------
     0 | D:1      | vineage the Minotaur Fighter began the quest for the Orb.
     0 | D:1      | Reached XP level 1. HP: 19/19 MP: 0/0
   113 | D:1      | Reached XP level 2. HP: 27/27 MP: 1/1
   505 | D:1      | Reached XP level 3. HP: 33/33 MP: 2/2
   641 | D:2      | Noticed Terence
   658 | D:2      | Killed Terence
   658 | D:2      | Reached skill level 3 in Axes
   709 | D:2      | Reached XP level 4. HP: 37/40 MP: 3/3
   922 | D:2      | Found a hide-covered altar of Uskayaw.
  1312 | D:2      | Noticed Robin
  1324 | D:2      | Killed Robin
  1352 | D:2      | Reached skill level 4 in Axes
  1352 | D:2      | Reached skill level 5 in Shields
  1352 | D:2      | Reached XP level 5. HP: 18/46 MP: 4/4
  1720 | D:2      | Reached skill level 5 in Axes
  2217 | D:3      | Noticed an ogre
  2228 | D:3      | Killed an ogre
  2228 | D:3      | Reached XP level 6. HP: 53/53 MP: 5/5
  2693 | D:4      | Reached skill level 6 in Axes
  2693 | D:4      | Reached skill level 5 in Armour
  3127 | D:4      | Reached XP level 7. HP: 59/60 MP: 6/6
  3590 | D:5      | Entered Level 5 of the Dungeon
  3614 | D:5      | Reached skill level 1 in Dodging
  3650 | D:5      | Reached skill level 7 in Axes
  3963 | D:5      | Reached skill level 5 in Fighting
  4029 | D:5      | Noticed Sigmund
  4038 | D:5      | Killed Sigmund
  4171 | D:5      | Reached XP level 8. HP: 69/69 MP: 7/7
  4182 | D:5      | Reached skill level 8 in Axes
  4205 | D:5      | Found a staircase to the Ecumenical Temple.
  4217 | Temple   | Entered the Ecumenical Temple
  4360 | Temple   | Became a worshipper of Warmaster Okawaru
  4915 | D:6      | Found a deep blue altar of Sif Muna.
  5278 | D:6      | Found a radiant altar of Vehumet.
  5882 | D:6      | Reached * piety under Okawaru
  5882 | D:6      | Reached skill level 9 in Axes
  6068 | D:6      | Noticed Menkaure
  6084 | D:6      | Killed Menkaure
  6112 | D:6      | Reached XP level 9. HP: 64/77 MP: 8/8
  6742 | D:7      | Found a burning altar of Makhleb.
  7382 | D:8      | Reached ** piety under Okawaru
  7385 | D:8      | Gained mutation: You possess an exceptional clarity of mind. [potion of mutation]
  7385 | D:8      | Lost mutation: You possess an exceptional clarity of mind. [potion of mutation]
  7385 | D:8      | Gained mutation: Your flesh is cold resistant. (rC+) [potion of mutation]
  7388 | D:8      | Lost mutation: Your flesh is cold resistant. (rC+) [potion of mutation]
  7388 | D:8      | Gained mutation: You are partially covered in slimy green scales. (AC +2) [potion of mutation]
  7388 | D:8      | Gained mutation: Your system is resistant to poisons. (rPois) [potion of mutation]
  7388 | D:8      | Gained mutation: You are robust. (+10% HP) [potion of mutation]
  7429 | D:8      | Found a shimmering altar of Xom.
  7429 | D:8      | Found a glowing silver altar of Zin.
  7429 | D:8      | Found a shadowy altar of Dithmenos.
  7441 | D:8      | Found a stormy altar of Qazlal.
  7477 | D:8      | Found a staircase to the Lair.
  7501 | Lair:1   | Entered Level 1 of the Lair of Beasts
  7514 | Lair:1   | Noticed a spiny frog
  7524 | Lair:1   | Killed a spiny frog
  7524 | Lair:1   | Reached skill level 10 in Axes
  7524 | Lair:1   | Reached skill level 1 in Stealth
  7708 | Lair:1   | Noticed a queen bee
  7720 | Lair:1   | Slain by a killer bee

Skill      XL: |  1  2  3  4  5  6  7  8  9 |
---------------+----------------------------+-----
Armour         | 4 5 7 8 |  8.2
Shields        | 4 5 6 7 8 |  8.4
Axes           | 3 4 5 6 7 9 10 | 10.5
Fighting       | 4 5 6 |  6.9
Dodging        | 1 2 |  2.7
Stealth        | 1 |  1.0

Action                   |  1- 3 |  4- 6 |  7- 9 || total
-------------------------+-------+-------+-------++-------
Melee: War axe           |    69 |   162 |   285 ||   516
       Headbutt          |    14 |    34 |    52 ||   100
  Use: Potion            |     1 |     9 |     9 ||    19
       Scroll            |       |    11 |    10 ||    21
  Eat: Chunk             |       |     4 |     4 ||     8
       Fruit             |       |     1 |     1 ||     2
       Meat ration       |       |     1 |       ||     1
       Bread ration      |       |       |     3 ||     3
Armor: Scale mail        |    35 |    43 |    83 ||   161
Dodge: Dodged            |    27 |    48 |   112 ||   187
Block: Shield            |    55 |    77 |   178 ||   310
